 Dungeon Crawl Stone Soup version 0.19-a0-1920-g83281cb (webtiles) character file.

398 varam the Ruffian (level 6, 0/59 HPs)
             Began as a Troll Monk on Oct 23, 2016.
             Slain by Pikel
             ... wielding a +2 whip of flaming
              (3 damage)
             ... on level 5 of the Dungeon.
             The game lasted 00:03:40 (3275 turns).

varam the Ruffian (Troll Monk)                      Turns: 3275, Time: 00:03:40

Health: 0/59       AC:  5    Str: 20    XL:     6   Next: 53%
Magic:  5/5        EV: 10    Int:  6    God:
Gold:   139        SH:  0    Dex: 14    Spells: 0 memorised, 5 levels left

rFire  . . .     SeeInvis .       - Unarmed
rCold  . . .     Gourm    +     a - +0 robe
rNeg   . . .     Faith    .     (no shield)
rPois  .         Spirit   .     (helmet restricted)
rElec  .         Reflect  .     (no cloak)
rCorr  .         Harm     .     (gloves unavailable)
MR     .....                    (boots unavailable)
Stlth  ++........               (no amulet)
                                (no ring)
                                (no ring)

@: no status effects
A: unfitting armour, claws 3, fast metabolism 3, gourmand, regeneration 1,
shaggy fur 1, tough skin 2
a: no special abilities


You were on level 5 of the Dungeon.
You were full.

You visited 1 branch of the dungeon, and saw 5 of its levels.

You collected 139 gold pieces.

Inventory:

Missiles
 g - 119 stones (quivered)
Armour
 a - a +0 robe (worn)
Jewellery
 r - an uncursed ring of wizardry {unknown}
 y - a cursed -2 ring of protection {unknown}
 C - a +2 ring of dexterity {unknown}
 I - a +4 ring of dexterity {unknown}
Wands
 B - a wand of random effects (29/48)
Scrolls
 e - a scroll of magic mapping {unknown}
 f - 3 scrolls of identify {unknown}
 i - a scroll of immolation {unknown}
 j - 2 scrolls of fog {unknown}
 s - 3 scrolls of recharging {unknown}
 w - 2 scrolls of enchant weapon {unknown}
 x - 2 scrolls of remove curse {unknown}
 z - a scroll of noise {unknown}
 D - a scroll of enchant armour {unknown}
 E - a scroll of amnesia {unknown}
 F - a scroll of fear {unknown}
 G - a scroll of teleportation {unknown}
Potions
 c - 3 potions of cancellation {unknown}
 d - a potion of flight {unknown}
 k - a potion of curing {unknown}
 l - 2 potions of lignification {unknown}
 m - 4 potions of heal wounds {unknown}
 n - a potion of degeneration {unknown}
 o - 2 potions of agility {unknown}
 p - a potion of cure mutation {unknown}
 t - a potion of might {unknown}
 H - a potion of brilliance {unknown}
Comestibles
 b - 4 bread rations
 h - 2 beef jerkies
 q - 4 fruits
 u - 2 slices of pizza
 v - a meat ration
 A - a royal jelly


   Skills:
 - Level 2.4 Fighting
 - Level 2.4 Dodging
 - Level 1.0 Stealth
 + Level 7.4 Unarmed Combat


You had 5 spell levels left.
You didn't know any spells.

Dungeon Overview and Level Annotations

Branches:
Dungeon (5/15)
 Temple: D:4-7

Altars:

Shops:
D:4 }

Portals:
Ossuary: D:5

Annotations:
D:5 Pikel


Innate Abilities, Weirdness & Mutations

You are too large for most types of armour.
You have claws for hands.
Your metabolism is lightning-fast.
You like to eat raw meat.
Your natural rate of healing is unusually fast.
You are covered in fur. (AC +1)
You have very tough skin. (AC +2)


Message History

You barely miss Pikel.
Pikel is lightly wounded.
Pikel barely misses you.
You claw Pikel! You claw Pikel.
Pikel is moderately wounded.
You claw Pikel!
Pikel is heavily wounded.
Pikel hits you with a whip of flaming.
* * * LOW HITPOINT WARNING * * *
Pikel burns you.
* * * LOW HITPOINT WARNING * * *
You closely miss Pikel.
Pikel is heavily wounded.
Pikel barely misses you.
You claw Pikel!
Pikel is severely wounded.
Pikel hits you with a whip of flaming!
* * * LOW HITPOINT WARNING * * *
Pikel burns you.
You die...

.....................
..................#
.................##
.................#
............#....## ##.
...........##.....#.......
........p.###.............
.......sK##.'.............
........#@###.............
.......##..##.............
......###...#.............
.....##∩'.................
.......###...#.............
........##..##.............
.........#.###.............
..........##.'...#.........
...........###..##....###..


You could see Pikel, a slave and a scorpion.

Vanquished Creatures
  A slave (D:5)
  A scorpion (D:4)
  An orc wizard (D:4)
  An orc priest (D:4)
  An iguana (D:4)
  Ijyb (D:2)
  2 worker ants (D:4)
  A hound skeleton (D:4)
  A mummy (D:5)
  Robin (D:2)
  8 adders
  A worm (D:3)
  A dart slug (D:2)
  3 leopard geckos
  4 orcs
  2 ball pythons (D:3)
  3 giant cockroaches
  10 hobgoblins
  4 jackals
  A quokka (D:3)
  3 bats
  6 frilled lizards
  10 goblins
  2 hobgoblin zombies (D:5)
  8 kobolds
  7 rats
84 creatures vanquished.

Notes
Turn   | Place    | Note
-------+----------+-------------------------------------------
     0 | D:1      | varam the Troll Monk began the quest for the Orb.
     0 | D:1      | Reached XP level 1. HP: 22/22 MP: 0/0
   151 | D:1      | Reached XP level 2. HP: 26/29 MP: 1/1
   673 | D:2      | Reached skill level 4 in Unarmed Combat
   704 | D:2      | Reached XP level 3. HP: 24/36 MP: 2/2
  1011 | D:2      | Noticed Ijyb
  1022 | D:2      | Killed Ijyb
  1022 | D:2      | Reached skill level 5 in Unarmed Combat
  1022 | D:2      | Reached XP level 4. HP: 44/44 MP: 3/3
  1136 | D:2      | Noticed Robin
  1145 | D:2      | Killed Robin
  2068 | D:3      | Reached XP level 5. HP: 49/50 MP: 4/4
  2343 | D:3      | Reached skill level 6 in Unarmed Combat
  2687 | D:4      | Reached XP level 6. HP: 59/59 MP: 5/5
  2713 | D:4      | Reached skill level 7 in Unarmed Combat
  2726 | D:4      | Found Millik's Gadget Shop.
  3178 | D:5      | Entered Level 5 of the Dungeon
  3225 | D:5      | Found a sand-covered staircase.
  3251 | D:5      | Noticed a slave
  3252 | D:5      | Noticed a slave
  3253 | D:5      | Noticed a slave
  3254 | D:5      | Noticed Pikel
  3255 | D:5      | Noticed a slave
  3269 | D:5      | Killed a slave
  3275 | D:5      | Slain by Pikel

Vault maps used:
D:1:      roderic_octagonal_star
D:2:      uniq_iyjb, uniq_robin
D:3:      minivault_26
D:4:      first_bread, serial_glass, glass_columns_a, glass_columns_b,
          glass_columns_b, glass_columns_a, glass_columns_b, glass_columns_a,
          glass_columns_a, glass_columns_b, glass_columns_a, glass_columns_c,
          glass_columns_a, glass_columns_a, glass_columns_c, glass_columns_a,
          serial_shops, shop
D:5:      nicolae_ossuary_entry_giza, nicolae_qazlal_style_of_elements,
          uniq_pikel

Skill      XL: |  1  2  3  4  5  6 |
---------------+-------------------+-----
Unarmed Combat | 4 5 6 7 |  7.4
Fighting       | |  2.4
Dodging        | |  2.4
Stealth        | |  1.0

Action                   |  1- 3 |  4- 6 || total
-------------------------+-------+-------++-------
Melee: Unarmed           |    65 |   163 ||   228
       Punch             |     2 |     5 ||     7
 Stab: Sleeping          |     2 |     6 ||     8
  Eat: Chunk             |    13 |    14 ||    27
       Bread ration      |       |     1 ||     1
Armor: Robe              |    23 |    36 ||    59
Dodge: Dodged            |    30 |    66 ||    96
